 Dungeon Crawl Stone Soup version 0.27-a0-170-g607d9e9d85 (webtiles) character file.

Game seed: 7916540668090079857

11764 epen the Carver (level 11, -26/87 HPs)
             Began as a Demonspawn Fighter on Jan 28, 2021.
             Was an Elder of Okawaru.
             Annihilated by a stone giant (30 damage)
             ... on level 11 of the Dungeon on Jan 29, 2021.
             The game lasted 00:34:41 (19685 turns).

epen the Carver (Demonspawn Fighter)               Turns: 19685, Time: 00:34:42

Health: -26/87     AC: 13    Str: 21    XL:     11   Next: 53%
Magic:  15/15      EV: 13    Int:  9    God:    Okawaru [****..]
Gold:   718        SH:  5    Dex: 12    Spells: 10/10 levels left

rFire    . . .     SeeInvis .   D - +3 short sword
rCold    + . .     Faith    .   H - +0 buckler
rNeg     . . .     Spirit   .   b - +1 scale mail
rPois    +         Reflect  .   (no helmet)
rElec    .         Harm     .   B - scarf {+Inv}
rCorr    .         Rampage  .   o - +0 pair of gloves
Will     .....                  n - +0 pair of boots
Stlth    ..........             (no amulet)
HPRegen  0.24/turn              s - ring of protection from cold
MPRegen  0.14/turn              r - ring of poison resistance

@: no status effects
A: hooves 1, iridescent scales 1, demonic guardian 2, powered by death 1
a: Renounce Religion, Evoke Invisibility, Heroism


You were on level 11 of the Dungeon.
You worshipped Okawaru.
Okawaru was greatly pleased with you.
You visited 3 branches of the dungeon, and saw 14 of its levels.
You also visited: Ossuary.

You collected 718 gold pieces.

Inventory:

Hand Weapons
 a - a +1 long sword
 D - a +3 short sword (weapon)
 E - the +4 hand axe "Backscratcher" {speed, rN+ Str+5}
   (You took it off an orc priest on level 8 of the Dungeon)

   Attacks with this weapon are significantly faster.
   It affects your strength (+5).
   It protects you from negative energy.
 F - the +8 whip of Overwhelming Force {venom, *Rage rF+ Dex+4 Stlth+}
   (You took it off a centaur on level 9 of the Dungeon)

   It poisons the flesh of those it strikes.
   It affects your dexterity (+4).
   It protects you from fire.
   It may make you go berserk in combat.
   It makes you more stealthy.
Missiles
 g - 8 silver javelins
 J - a throwing net (quivered)
Armour
 b - a +1 scale mail (worn)
 c - a +0 kite shield
 n - a +0 pair of boots (worn)
 o - a +0 pair of gloves (worn)
 B - a scarf of invisibility (worn)
 H - a +0 buckler (worn)
Jewellery
 e - an uncursed ring of magical power
 r - a ring of poison resistance (right hand)
 s - a ring of protection from cold (left hand)
 C - an uncursed ring of protection from fire {unknown}
 G - an uncursed ring of flight
Wands
 i - a wand of mindburst (17)
 z - a wand of paralysis (5)
 M - a wand of flame (13)
Scrolls
 f - 4 scrolls of teleportation
 h - 4 scrolls of enchant weapon
 m - 5 scrolls of remove curse
 v - 4 scrolls of enchant armour
 y - 2 scrolls of blinking
 A - 4 scrolls of fog
 I - a scroll of amnesia
Potions
 d - 5 potions of might
 j - 2 potions of attraction
 k - 6 potions of degeneration
 l - a potion of curing
 p - 2 potions of mutation
 q - 2 potions of berserk rage
 t - 4 potions of flight
 u - 6 potions of lignification
 w - 2 potions of heal wounds
 x - 2 potions of invisibility
 K - a potion of ambrosia {unknown}
 L - a potion of magic {unknown}


   Skills:
 + Level 8.4 Fighting
 * Level 10.1 Long Blades
 + Level 7.5 Armour
 + Level 6.9 Dodging
 + Level 5.3 Shields
 + Level 6.1 Invocations


You had 10 spell levels left.
You didn't know any spells.
Your spell library contained the following spells:

 Spells                   Type           Power        Failure   Level
 Animate Skeleton         Necr           0%           69%         1
 Beastly Appendage        Tmut           0%           69%         1
 Corona                   Hex            0%           69%         1
 Pain                     Necr           0%           69%         1
 Sandblast                Erth           0%           69%         1
 Ensorcelled Hibernation  Hex/Ice        0%           83%         2
 Passwall                 Tmut/Erth      0%           83%         2
 Wereblood                Tmut           0%           83%         2
 Confusing Touch          Hex            0%           96%         3
 Dazzling Flash           Conj/Hex       0%           96%         3
 Gell's Gravitas          Tloc           0%           96%         3
 Spider Form              Tmut/Pois      0%           96%         3
 Stone Arrow              Conj/Erth      0%           96%         3
 Tukima's Dance           Hex            0%           96%         3
 Vampiric Draining        Necr           0%           96%         3
 Animate Dead             Necr           0%           100%        4
 Ice Form                 Ice/Tmut       0%           100%        4
 Petrify                  Tmut/Erth      0%           100%        4
 Agony                    Necr           0%           100%        5
 Blade Hands              Tmut           0%           100%        5
 Lee's Rapid Deconstruct  Erth           0%           100%        5
 Metabolic Englaciation   Hex/Ice        0%           100%        5
 Yara's Violent Unravell  Hex/Tmut       0%           100%        5


Dungeon Overview and Level Annotations

Branches:
Dungeon (11/15)            Temple (1/1) D:7            Lair (2/6) D:9
 Spider (0/4) Lair:2      Ossuary (visited)
  Swamp: Lair:2-4    Shoals: Lair:2-4       Orc: D:9-12

Altars:
Ashenzari
Cheibriados
Dithmenos
Elyvilon
Fedhas
Gozag
Hepliaklqana
Kikubaaqudgha
Makhleb
Nemelex Xobeh
Okawaru
Qazlal
Ru
Sif Muna
Trog
Uskayaw
Vehumet
Wu Jian
Xom
Yredelemnul
Zin
The Shining One

Annotations:
D:8 exclusion: door
D:10 1 runed translucent door
D:11 Gastronok


Innate Abilities, Weirdness & Mutations

You have large cloven feet.
You are partially covered in iridescent scales. (AC +2)
A demonic guardian rushes to your aid.
You regenerate a little health from kills.


Message History

The stone giant seems to be corroded for longer.
The stone giant closely misses you.
You hit the stone giant.
The stone giant is heavily wounded.
The stone giant hits you!!
* * * LOW HITPOINT WARNING * * *
Your rust devil hits the stone giant!
The stone giant seems to be corroded for longer.
You hit the stone giant but do no damage.
The stone giant is severely wounded.
The stone giant hits you!
* * * LOW HITPOINT WARNING * * *
A demonic guardian appears!
Your rust devil hits the stone giant.
The stone giant seems to be corroded for longer.
You hit the stone giant.
The stone giant is severely wounded.
You hit the stone giant.
The stone giant is severely wounded.
The stone giant hits you!!
You die...

.##.## ...... ..#...#
..(.
........###'#############
.........................
....................#####
.................)..#
.........(.........#
......>4...........#
##.##..@...........#
#...C..........#
#..#4#.######### #..#.#.#
#..#!#.# ....#.#...
#......... #........
#..#......


You could see a stone giant (corroded) and 2 friendly rust devils.

Vanquished Creatures
  Harold (D:8)
  A skeletal warrior (D:10)
  An unseen horror (D:11)
  A troll (D:11)
  2 dream sheep (D:8)
  2 flying skulls (D:10)
  7 yaks
  A wyvern (D:11)
  2 vampire mosquitoes (D:10)
  A basilisk (Lair:1)
  4 water moccasins
  An orc warrior (D:8)
  A phantom (D:4)
  A sky beast (D:11)
  4 black bears
  2 ice beasts
  6 ogres
  A necrophage (D:6)
  4 centaurs
  An elf zombie (D:5)
  3 big kobolds
  8 bullfrogs
  2 water moccasin zombies
  2 elf skeletons (D:5)
  3 scorpions
  A wyvern skeleton (D:11)
  7 wights (D:8)
  A howler monkey (D:5)
  A bullfrog zombie (D:6)
  2 orc priests
  3 jellies
  3 centaur skeletons
  8 hounds
  7 orc wizards
  Jessica (D:3)
  4 iguanas
  9 worker ants
  A killer bee zombie (D:5)
  6 big kobold zombies (Ossuary)
  A hound zombie (D:8)
  2 mummies (Ossuary)
  A worker ant zombie (D:7)
  8 gnolls
  14 adders
  A shadow imp (D:7)
  5 white imps
  4 ufetubi
  7 adder zombies (Ossuary)
  An adder skeleton (D:9)
  3 worms (D:8)
  3 dart slugs (D:3)
  5 leopard geckos
  25 orcs
  4 ball pythons (D:2)
  7 giant cockroaches
  2 gnoll zombies (Ossuary)
  7 goblins
  4 hobgoblins
  15 jackals
  12 kobolds
  5 quokkas
  3 bats
  A hobgoblin zombie (Ossuary)
  A kobold skeleton (D:10)
  2 kobold zombies (Ossuary)
  A leopard gecko zombie (D:6)
  2 orc skeletons (D:5)
  9 orc zombies (Ossuary)
  6 rats
277 creatures vanquished.

Vanquished Creatures (collateral kills)
  An unseen horror (D:9)
  A wolf spider zombie (D:10)
  A komodo dragon (Lair:1)
  2 shadows (D:10)
  A flying skull (D:10)
  2 yaks (D:9)
  3 wraiths
  An orc warrior (D:9)
  A black bear (D:9)
  A sky beast (D:7)
  An elf zombie (D:5)
  2 orc priests
  A gnoll shaman (D:9)
  2 orc wizards
  A gnoll (D:9)
  2 adders
  3 orcs (D:10)
26 creatures vanquished.

Vanquished Creatures (others)
  55 fungi
  61 plants
116 creatures vanquished.

Grand Total: 419 creatures vanquished

Notes
Turn   | Place    | Note
-------+----------+-------------------------------------------
     0 | D:1      | epen the Demonspawn Fighter began the quest for the Orb.
     0 | D:1      | Reached XP level 1. HP: 18/18 MP: 1/1
   313 | D:1      | Reached skill level 2 in Long Blades
   387 | D:1      | Gained mutation: A weak demonic guardian rushes to your
                  | aid. [demonic ancestry]
   387 | D:1      | Reached XP level 2. HP: 16/24 MP: 2/2
  1015 | D:2      | Gained mutation: You regenerate a little health from kills.
                  | [demonic ancestry]
  1015 | D:2      | Reached XP level 3. HP: 22/29 MP: 3/3
  1086 | D:2      | Reached skill level 1 in Dodging
  1811 | D:2      | Reached XP level 4. HP: 27/35 MP: 4/4
  2285 | D:3      | Reached skill level 3 in Long Blades
  2295 | D:3      | Noticed Jessica
  2302 | D:3      | Killed Jessica
  2441 | D:3      | Reached XP level 5. HP: 39/42 MP: 5/5
  3586 | D:4      | Reached XP level 6. HP: 48/48 MP: 6/6
  3644 | D:4      | Reached skill level 4 in Long Blades
  4366 | D:4      | Found a stormy altar of Qazlal.
  4377 | D:4      | Found a glowing golden altar of the Shining One.
  5002 | D:4      | Reached XP level 7. HP: 34/55 MP: 7/7
  5195 | D:5      | Entered Level 5 of the Dungeon
  5600 | D:5      | Reached skill level 5 in Long Blades
  5623 | D:5      | Found a sand-covered staircase.
  5662 | Ossuary  | Entered an ossuary
  5788 | Ossuary  | Reached skill level 5 in Fighting
  5838 | Ossuary  | Gained mutation: You are partially covered in iridescent
                  | scales. (AC +2) [demonic ancestry]
  5838 | Ossuary  | Reached XP level 8. HP: 39/62 MP: 8/8
  6405 | D:5      | Reached skill level 6 in Long Blades
  6859 | D:6      | Reached skill level 5 in Armour
  7208 | D:6      | Found a sacrificial altar of Ru.
  7413 | D:6      | Found a shimmering blue altar of Sif Muna.
  7827 | D:7      | Reached skill level 7 in Long Blades
  7854 | D:7      | Gained mutation: You have large cloven feet. [demonic
                  | ancestry]
  7854 | D:7      | Reached XP level 9. HP: 53/67 MP: 9/9
  8287 | D:7      | Found a staircase to the Ecumenical Temple.
  8814 | D:8      | Reached skill level 5 in Dodging
  9191 | D:8      | Found a shadowy altar of Dithmenos.
  9249 | D:8      | Noticed a moth of wrath
  9250 | D:8      | You fall into a shaft and drop 1 floor!
  9811 | D:8      | Noticed Harold
  9848 | D:8      | Identified the +4 hand axe "Backscratcher" {speed, rN+
                  | Str+5}
 10101 | Temple   | Entered the Ecumenical Temple
 10350 | Temple   | Became a worshipper of Warmaster Okawaru
 10413 | D:8      | Reached skill level 8 in Long Blades
 10765 | D:8      | Killed Harold
 10796 | D:8      | Gained mutation: A demonic guardian rushes to your aid.
                  | [demonic ancestry]
 10796 | D:8      | Reached XP level 10. HP: 47/79 MP: 11/11
 11057 | D:8      | Reached * piety under Okawaru
 11456 | D:9      | Identified the +8 whip of Overwhelming Force {venom, *Rage
                  | rF+ Dex+4 Stlth+}
 12315 | D:9      | Found a snail-covered altar of Cheibriados.
 12912 | D:8      | Found a bloodstained altar of Trog.
 13370 | D:9      | Reached skill level 9 in Long Blades
 13795 | D:9      | Found a staircase to the Lair.
 14055 | D:9      | Found an ornate altar of the Wu Jian Council.
 14194 | D:10     | Entered Level 10 of the Dungeon
 14369 | D:9      | Killed an unseen horror
 14369 | D:9      | Reached ** piety under Okawaru
 15728 | D:10     | Found a runed translucent door.
 15744 | D:10     | Found a basalt altar of Yredelemnul.
 15788 | D:10     | Reached *** piety under Okawaru
 16022 | D:11     | Noticed Gastronok
 16086 | D:10     | Reached XP level 11. HP: 22/86 MP: 14/14
 16092 | D:10     | Reached skill level 5 in Invocations
 16528 | D:11     | Killed an unseen horror
 16612 | D:11     | Reached skill level 5 in Shields
 16654 | D:11     | Reached **** piety under Okawaru
 16654 | D:11     | Noticed a skeletal warrior
 17107 | Lair:1   | Entered Level 1 of the Lair of Beasts
 18354 | Lair:2   | Found a hole to the Spider Nest.
 18361 | Lair:2   | Noticed an eight-headed hydra
 18584 | D:10     | Killed a skeletal warrior
 18584 | D:10     | Received a gift from Okawaru
 18585 | D:10     | Reached skill level 10 in Long Blades
 18926 | D:11     | Noticed a phantasmal warrior
 19455 | D:11     | Noticed a skeletal warrior
 19671 | D:11     | Noticed a stone giant
 19683 | D:11     | HP: 4/87 [stone giant (16)]
 19685 | D:11     | Annihilated by a stone giant

Illustrated notes

Levels and vault maps discovered:
D:1:      saegor_arrival_simple_b, layout_loops_corners
D:2:      layout_basic, minmay_shallow_snake_nest
D:3:      layout_loops_ring, uniq_jessica
D:4:      layout_cave_pools, nicolae_overflow_crystal_walls,
          grunt_qazlal_clouds, nrook_uturn, kennysheep_generic_room_2
D:5:      layout_gridville, nicolae_ossuary_entry_catacombs,
          kennysheep_generic_room_8
D:6:      layout_rooms, general_overflow_altar, nicolae_ru_awakened_eye
D:7:      layout_loops_ring, minmay_temple_entry_from_below_a,
          wad_floor_pattern_untrapped, kennysheep_generic_room_7
D:8:      layout_basic, tgw_trog, lemuel_doored_altar,
          chequers_serial_rivers_room_a, hangedman_ranch
          [blue_anna_fruit_fields], uniq_harold
D:9:      layout_gridville, lemuel_crystal_altar, kennysheep_little_box,
          due_lair_maze_entry_diamond
D:10:     layout_irregular_city, nicolae_two_hexagons, dk_yredelemnul_ordeal
D:11:     hangedman_screamer, layout_basic, wad_scary_box, uniq_gastronok
Temple:   regret_index_temple_generic_petals
Lair:1:   layout_chaotic_city, grunt_megastairs_2
Lair:2:   layout_regular_city, spider_nest_entry_web_field,
          grunt_forest_stairs_basic

Skill      XL: |  1  2  3  4  5  6  7  8  9 10 11 |
---------------+----------------------------------+-----
Long Blades    | 2 3 4 5 7 8 9 10 | 10.1
Dodging        | 1 2 3 4 5 6 |  6.9
Armour         | 3 4 5 6 7 |  7.5
Fighting       | 4 5 6 7 8 |  8.4
Shields        | 3 4 5 |  5.3
Invocations    | 2 4 6 |  6.1

Action                   |  1- 3 |  4- 6 |  7- 9 | 10-12 || total
-------------------------+-------+-------+-------+-------++-------
Melee: Long sword        |   102 |   198 |   454 |       ||   754
       Short sword       |       |       |   140 |   749 ||   889
       Hand axe          |       |       |    15 |    21 ||    36
       Whip              |       |       |       |    17 ||    17
Throw: Throwing net      |       |       |     1 |       ||     1
Evoke: Wand              |       |       |       |     5 ||     5
  Use: Potion            |     1 |       |     3 |     7 ||    11
       Scroll            |       |     6 |    11 |     6 ||    23
 Stab: Distracted        |     1 |       |     1 |     1 ||     3
Armor: Scale mail        |    78 |    95 |   291 |   343 ||   807
Dodge: Dodged            |    63 |   141 |   390 |   360 ||   954
Block: Buckler           |       |       |       |   101 ||   101
       Rpst.: Long sword |    17 |    47 |    83 |       ||   147

Table legend: (Time is in decaauts)
 A = Elapsed time spent in this place.
 B = Non-inter-level travel time spent in this place.
 C = Inter-level travel time spent in this place.
 D = Time resting spent in this place.
 E = Time spent auto-exploring this place.
 F = Levels seen in this place.
 G = Mean time per level.
                   A        B        C        D        E       F      G
               +--------+--------+--------+--------+--------+-----+--------+
         Total |  19691 |  18516 |   1175 |   7032 |   8032 |  15 | 1312.7 |
       Dungeon |  17611 |  16524 |   1087 |   6505 |   6989 |  11 | 1601.0 |
        Temple |    275 |    222 |     53 |      0 |    220 |   1 |  275.0 |
          Lair |   1385 |   1350 |     35 |    373 |    823 |   2 |  692.5 |
       Ossuary |    418 |    418 |      0 |    154 |      0 |   1 |  418.0 |
               +--------+--------+--------+--------+--------+-----+--------+

Top non-repeatable levels by time:
     D:8: 3237 daAuts
    D:10: 3126 daAuts
     D:9: 2231 daAuts
     D:2: 1575 daAuts
     D:3: 1502 daAuts
     D:7: 1311 daAuts
     D:5: 1270 daAuts
     D:4: 1264 daAuts
  Lair:1: 1243 daAuts
     D:1: 930 daAuts
     D:6: 709 daAuts
    D:11: 452 daAuts
 Ossuary: 418 daAuts
  Temple: 275 daAuts
  Lair:2: 142 daAuts
